 Dungeon Crawl Stone Soup version 0.30.0-30-g96aa6591b8 (webtiles) character file.

Game seed: 17062776323535387807

23 croobank the Firebug (level 2, -2/17 HPs)
             Began as an Octopode Fire Elementalist on June 27, 2023.
             Slain by Natasha (9 damage)
             ... on level 2 of the Dungeon.
             The game lasted 00:01:42 (596 turns).

croobank the Firebug (Octopode Fire Elementalist)    Turns: 596, Time: 00:01:43

Health: -2/17      AC:  1    Str:  7    XL:     2   Next: 95%
Magic:  3/5        EV: 13    Int: 17    God:
Gold:   77         SH:  0    Dex: 12    Spells: 2/5 levels left

rFire   . . .        c - +0 dagger
rCold   . . .        (no shield)
rNeg    . . .        (helmet restricted)
rPois   .            (no amulet)
rElec   .            (no ring)
rCorr   .            (no ring)
SInv    .            (no ring)
Will    .....        (no ring)
Stlth   +++          (no ring)
HPRegen 0.22/turn    (no ring)
MPRegen 0.09/turn    (no ring)
                     (no ring)

%: no passive effects
@: no status effects
A: almost no armour, amphibious, 8 rings, camouflage 1, gelatinous body 1,
(nimble swimmer 1), tentacles
a: no special abilities


You were on level 2 of the Dungeon.
You visited 1 branch of the dungeon, and saw 2 of its levels.

You collected 77 gold pieces.

Inventory:

Hand Weapons
 c - a +0 dagger (weapon)
Scrolls
 b - 4 scrolls of identify {unknown}
 e - a scroll of vulnerability {unknown}
 f - a scroll of fog {unknown}
 g - 3 scrolls of magic mapping {unknown}
Potions
 a - a potion of magic
 d - a potion of heal wounds {unknown}


   Skills:
 + Level 0.2 Fighting
 + Level 2.2 Dodging
 + Level 3.1 Stealth
 + Level 2.2 Spellcasting
 + Level 1.4 Conjurations
 + Level 3.2 Fire Magic


You had 2 spell levels left.
You knew the following spells:

 Your Spells              Type           Power      Damage    Failure   Level
a - Foxfire               Conj/Fire      36%        2x1d5     8%          1
b - Scorch                Fire           24%        2d6       8%          2

Your spell library contained the following spells:

 Spells                   Type           Power      Damage    Failure   Level
 Sandblast                Erth           2%         2d4       19%         1
 Passwall                 Tmut/Erth      0%         N/A       28%         2
 Inner Flame              Hex/Fire       7%         N/A       28%         3
 Volatile Blastmotes      Fire/Tloc      14%        2d11      28%         3
 Stone Arrow              Conj/Erth      8%         3d7       38%         3
 Flame Wave               Conj/Fire      9%         2d6       58%         4


Dungeon Overview and Level Annotations

Branches:
Dungeon (2/15)

Altars:

Annotations:
D:2 Natasha


Innate Abilities, Weirdness & Mutations

You cannot wear most types of armour.
You are amphibious.
You can wear up to eight rings at the same time.
Your skin changes colour to match your surroundings (Stealth+).
Your rubbery body absorbs attacks. (AC +1, EV +1)
((You are camouflaged when in or above water. (Stealth+)))
You have tentacles for arms and can constrict up to eight enemies at once.


Message History

Confirm with . or Enter, or press ? or * to list all spells.
You conjure some foxfire!
The foxfire hits the hobgoblin.
The hobgoblin is moderately wounded.
The foxfire hits the hobgoblin.
The hobgoblin is almost dead.
You hit the rat. You grab the rat. You squeeze the rat.
You kill the rat!
You see here a rat corpse.
Casting: Foxfire (safe; 8% risk of failure)
Confirm with . or Enter, or press ? or * to list all spells.
Flames lash the hobgoblin.
You kill the hobgoblin!
b - 4 scrolls labelled AMOGEGYELI (gained 1)
You see here a rat corpse.
You start resting.
Magic restored.
Natasha, Servant of Life and Death comes into view.
There is a stone staircase leading up here.
Natasha hisses angrily.
You hit Natasha but do no damage. You grab Natasha.
You constrict Natasha, but do no damage.
Natasha closely misses you.
You hit Natasha but do no damage.
You constrict Natasha, but do no damage.
Natasha barely misses you.
You hit Natasha.
Natasha is lightly wounded.
You constrict Natasha. Natasha claws you!
You hit Natasha but do no damage.
Natasha is lightly wounded.
You constrict Natasha, but do no damage.
Natasha claws you.
Casting: Scorch (safe; 8% risk of failure)
Confirm with . or Enter, or press ? or * to list all spells.
Flames lash Natasha.
Natasha is heavily wounded.
Natasha's fire resistance burns away.
You constrict Natasha. Natasha claws you!
Ouch! That really hurt!
You die...

#.# #..## ....
####..## #.#......#
#.#h#..#.# ##.#@.....#
#.........#
#.........#
#..#.<....###
##...........
#####......#########.
.....................
.....###.....#########
...........#...†......


You could see Natasha (combustible).

Vanquished Creatures
  4 bats (D:1)
  4 endoplasms (D:1)
  2 giant cockroaches
  2 goblins (D:1)
  2 hobgoblins
  A quokka (D:1)
  A ball python (D:1)
  3 rats
19 creatures vanquished.

Vanquished Creatures (others)
  21 foxfires
21 creatures vanquished.

Grand Total: 40 creatures vanquished

Notes
Turn   | Place    | Note
-------+----------+-------------------------------------------
     0 | D:1      | croobank the Octopode Fire Elementalist began the quest for
                  | the Orb.
     0 | D:1      | Reached XP level 1. HP: 11/11 MP: 3/3
   206 | D:1      | Reached XP level 2. HP: 17/17 MP: 5/5
   276 | D:1      | Learned a level 2 spell: Scorch
   512 | D:1      | You fall into a shaft and drop 1 floor!
   586 | D:2      | Noticed Natasha
   596 | D:2      | Slain by Natasha

Illustrated notes

Levels and vault maps discovered:
D:1:      dpeg_arrival_solitude, layout_rooms
D:2:      minmay_general_purpose_star, layout_basic, basic_altar, serial_shops,
          shop, uniq_natasha, uniq_robin, uniq_terence

Skill      XL: |  1  2 |
---------------+-------+-----
Stealth        | 3 |  3.1
Fighting       | |  0.2
Dodging        | |  2.2
Spellcasting   | |  2.2
Conjurations   | |  1.4
Fire Magic     | |  3.2

Action                     || total
---------------------------++-------
  Melee: Dagger            ||    30
         Tentacles         ||     8
         Constrict         ||     8
   Cast: Foxfire           ||    12
         Scorch            ||     2
   Stab: Sleeping          ||     4
 Armour: Skin              ||     2
  Dodge: Dodged            ||    19
